 Dungeon Crawl Stone Soup version 0.28.0-43-g3370ac3207 (webtiles) character file.

Game seed: 5522832784991397155

22963 unlimited1921 the Thaumaturge (level 13, -9/94 HPs)
             Began as a Djinni Fire Elementalist on Mar 16, 2022.
             Was an Initiate of Yredelemnul.
             Mangled by a boulder beetle (50 damage)
             ... on level 13 of the Dungeon.
             The game lasted 02:11:13 (36921 turns).

unlimited1921 the Thaumaturge (DjFE)               Turns: 36921, Time: 02:11:13

Health: -9/94      AC:  6    Str:  7    XL:     13   Next: 31%
Gold:   558        EV: 13    Int: 23    God:    Yredelemnul [......] SH: 10 Dex: 15

rFire   + + +      SeeInvis +   E - +1 flail (venom)
rCold   x . .      Faith    .   v - +0 buckler
rNeg    . . .      Spirit   .   c - +0 robe {rF+}
rPois   ∞          Reflect  +   o - +1 helmet
rElec   .          Harm     .   (no cloak)
rCorr   .          Rampage  .   C - +0 pair of gloves
Will    +++..                   (boots unavailable)
Stlth   +++.......              f - amulet of reflection
HPRegen 0.25/turn               k - ring of willpower
MPRegen 0.00/turn               J - ring of see invisible

@: flying
A: sickness immunity, fire resistance 2, cold vulnerability 1, float, innate
caster, HP casting, extra vitality 1, agile 1, strong-willed 1
a: Renounce Religion, Recall Undead Harvest


You were on level 13 of the Dungeon.
You worshipped Yredelemnul.
Yredelemnul was noncommittal.
You visited 2 branches of the dungeon, and saw 14 of its levels.

You collected 649 gold pieces.
You spent 91 gold pieces at shops.

Inventory:

Hand Weapons
 e - a +0 spectral war axe
 i - a +2 shortbow of flaming
 r - a +2 scythe of flaming
 E - a +1 flail of venom (weapon)
 N - a +0 hunting sling of freezing
 O - a +1 flail of draining
 P - a +1 battleaxe
 Y - a +0 hand axe of flaming
Missiles
 d - 2 throwing nets
 j - 318 stones
 m - 146 arrows
 p - 60 sling bullets
 u - 24 poisoned darts (quivered)
 F - 16 boomerangs
 X - 6 javelins
Armour
 c - a +0 robe of fire resistance (worn)
 o - a +1 helmet (worn)
 v - a +0 buckler (worn)
 w - a +0 leather armour
 C - a +0 pair of gloves (worn)
Magical Staves
 l - a staff of fire
Jewellery
 f - an amulet of reflection (around neck)
 k - a ring of willpower (left hand)
 J - a ring of see invisible (right hand)
Wands
 s - a wand of charming (13)
 y - a wand of flame (10)
 U - a wand of digging (1)
Scrolls
 a - 2 scrolls of silence {unknown}
 g - 4 scrolls of teleportation
 n - 2 scrolls of enchant armour {unknown}
 q - a scroll of holy word
 t - a scroll of torment {unknown}
 x - a scroll of immolation
 z - 3 scrolls of identify
 A - a scroll of acquirement
 G - 3 scrolls of fog
 L - a scroll of brand weapon
 R - a scroll of blinking
 S - 2 scrolls of noise {unknown}
 T - 2 scrolls of enchant weapon {unknown}
 W - 2 scrolls of magic mapping
Potions
 b - 5 potions of resistance
 h - 3 potions of mutation
 B - 2 potions of lignification
 D - 2 potions of curing
 H - a potion of berserk rage
 I - a potion of experience {unknown}
 K - 2 potions of haste {unknown}
 M - 2 potions of might
 Q - a potion of ambrosia
 V - 2 potions of heal wounds {unknown}
 Z - a potion of brilliance {unknown}


   Skills:
 * Level 9.4 Fighting
 + Level 1.1(1.9) Axes
 + Level 2.3(2.5) Maces & Flails
 + Level 1.7(2.0) Slings
 + Level 1.1(1.6) Throwing
 + Level 5.8 Armour
 + Level 4.3 Dodging
 + Level 4.4 Stealth
 + Level 3.6 Shields
 + Level 1.0 Unarmed Combat
 + Level 12.8 Spellcasting
 - Level 1.5 Invocations
 + Level 0.6 Evocations


You had 5 spell levels left.
You knew the following spells:

 Your Spells              Type           Power      Damage    Failure   Level
a - Foxfire               Conj/Fire      100%       2x1d9     1%          1
b - Scorch                Fire           100%       2d10      1%          2
c - Conjure Flame         Conj/Fire      65%        6-21      1%          3
d - Inner Flame           Hex/Fire       65%        N/A       1%          3
e - Flame Wave            Conj/Fire      65%        2d12      1%          4
f - Freeze                Ice            100%       1d11      1%          1
g - Blink                 Tloc           100%       N/A       1%          2
h - Ignite Poison         Fire/Tmut/Pois 65%        N/A       1%          3
i - Spider Form           Tmut/Pois      65%        N/A       1%          3
j - Blade Hands           Tmut           32%        N/A       1%          5
k - Summon Forest         Summ/Tloc      32%        N/A       1%          5
Your spell library was empty.

Dungeon Overview and Level Annotations

Branches:
Dungeon (13/15)            Temple (1/1) D:6            Lair (0/6) D:9
    Orc (0/2) D:12
 Vaults: D:13-14

Altars:
Ashenzari
Cheibriados
Dithmenos
Elyvilon
Fedhas
Gozag
Hepliaklqana
Kikubaaqudgha
Makhleb
Nemelex Xobeh
Okawaru
Qazlal
Ru
Sif Muna
Trog
Uskayaw
Vehumet
Wu Jian
Xom
Yredelemnul
Zin
The Shining One

Shops:
D:6 (   D:8 *   D:10 *

Annotations:
D:5 2 transporters, Selrock's ghost, amateur TrBe
D:12 Azrael


Innate Abilities, Weirdness & Mutations

You are immune to sickness and miasma.
You are immune to poison.
Your flesh is very heat resistant. (rF++)
You are vulnerable to cold. (rC-)
You float through the air rather than walking.
You learn spells naturally, not from books.
Your magical power is your life essence.
You have superior vitality. (+4 MHP)
You are agile. (Dex +2)
You are strong-willed. (Will+)


Message History

You throw a poisoned dart.
The poisoned dart hits the boulder beetle.
The boulder beetle looks even sicker.
The boulder beetle is lightly wounded.
The boulder beetle curls into a ball and begins rolling!
Throw: 27 darts (poison)
Press: ? - help, Q - select action, (/) - cycle Shift-Dir - straight line, f/p - boulder beetle
Aim: a boulder beetle (lightly wounded, rolling, very poisoned, 90% to hit)
You throw a poisoned dart.
The poisoned dart hits the boulder beetle.
The boulder beetle looks even sicker.
The boulder beetle is lightly wounded.
Throw: 26 darts (poison)
Press: ? - help, Q - select action, (/) - cycle Shift-Dir - straight line, f/p - boulder beetle
Aim: a boulder beetle (lightly wounded, rolling, very poisoned, 90% to hit)
You throw a poisoned dart.
The poisoned dart hits the boulder beetle.
The boulder beetle looks as sick as possible!
The boulder beetle is lightly wounded.
The boulder beetle completely misses you.
The boulder beetle stops rolling and uncurls.
The boulder beetle curls into a ball and begins rolling!
You block the boulder beetle's attack.
The boulder beetle stops rolling and uncurls.
The boulder beetle curls into a ball and begins rolling!
Throw: 25 darts (poison)
Press: ? - help, Q - select action, (/) - cycle Shift-Dir - straight line, f/p - boulder beetle
Aim: a boulder beetle (severely wounded, rolling, very poisoned, 90% to hit)
You throw a poisoned dart.
The poisoned dart hits the boulder beetle.
The boulder beetle looks even sicker.
The boulder beetle is severely wounded.
The boulder beetle hits you!!!
Ouch! That really hurt!
The boulder beetle stops rolling and uncurls.
The boulder beetle curls into a ball and begins rolling!
The boulder beetle hits you!!!
Ouch! That really hurt!
You die...
Your body rises from the dead as a mindless zombie.

..#....#.........#.........
..######.........#..B......
..#....'........(#....###########
..#....######....# ..#..........
..#...Z#....#...°# #..........
.Z#...Z#Z...#..°.# #..........
.Z#....ZZ...#..○.# #..........
.Z#....#....#...B# #..........
.Z###########...@# #..........
..#....#....#....# #..........
..#....#....#....# #..........
..#....'....#....######..........
..#....#....#.........#..........
..#....#.^..#.........######.....
#'######....#.........#..........
#.....#.....#.........#..........
#.....#.....#.........#..........


You could see a boulder beetle (rolling, very poisoned).

Vanquished Creatures
  A hydra (D:11)
  2 boulder beetles
  2 two-headed ogres
  A centaur warrior (D:13)
  Nergalle (D:10)
  A deep elf pyromancer (D:12)
  2 manticores (D:12)
  2 cyclopes (D:11)
  An ugly thing (D:11)
  A gargoyle (D:9)
  A spectral unseen horror (D:8)
  An unseen horror (D:8)
  A kobold demonologist (D:12)
  A spectral two-headed ogre (D:11)
  4 trolls
  3 slime creatures (D:12)
  A spectral manticore (D:12)
  A meliai zombie (D:11)
  Sigmund (D:5)
  2 shadows
  25 yaks
  A wraith (D:11)
  A fire elemental (D:11)
  A golden eye (shapeshifter) (D:13)
  Eustachio (D:4)
  2 steam dragons (D:7)
  Menkaure (D:4)
  2 vampire mosquitoes (D:12)
  Edmund (D:4)
  5 spectral yaks
  2 water moccasins
  7 orc warriors
  An ice beast (D:7)
  A hornet zombie (D:8)
  3 ogres
  4 centaurs
  2 wolves (D:9)
  A spectral cyclops (D:11)
  3 kobold brigands
  A phantom (D:6)
  2 bullfrogs (D:9)
  A scorpion (D:4)
  A water moccasin zombie (D:8)
  3 gnoll sergeants
  A wyvern skeleton (D:6)
  A spectral ogre (D:7)
  2 yak zombies
  A spectral ice beast (D:7)
  A spectral wolf (D:9)
  3 killer bees (D:10)
  7 wights
  3 electric eels
  A vampire bat (D:5)
  2 jellies
  5 howler monkeys
  A bullfrog zombie (D:5)
  A centaur zombie (D:6)
  9 hounds
  2 bullfrog skeletons (D:5)
  2 orc priests
  2 gnoll shamans
  A centaur skeleton (D:4)
  2 iguanas (D:5)
  10 orc wizards
  2 killer bee zombies
  4 hound zombies
  8 spectral orcs
  18 gnolls
  A howler monkey skeleton (D:6)
  5 adders
  2 white imps
  6 spectral gnolls
  An adder skeleton (D:5)
  2 worms
  10 dart slugs
  3 fire bats (D:5)
  44 orcs
  2 spectral bats (D:5)
  14 bats
  A bat simulacrum (D:5)
  3 bat skeletons (D:5)
  A bat zombie (D:5)
  3 endoplasms
  4 giant cockroaches
  2 gnoll zombies (D:7)
  5 goblins
  12 hobgoblins
  5 jackals (D:1)
  5 quokkas
  13 ball pythons
  5 frilled lizards
  20 kobolds
  A kobold zombie (D:12)
  5 orc zombies
  8 rats
  A spectral kobold (D:12)
  12 bushes (D:1)
  A butterfly (D:1)
388 creatures vanquished.

Vanquished Creatures (collateral kills)
  A cyclops (D:12)
  An ugly thing (D:13)
  A troll (D:12)
  A hornet (D:10)
  A slime creature (D:12)
  A wyvern (D:10)
  4 yaks
  4 fire elementals (D:12)
  3 hell hounds (D:12)
  A spectral yak (D:10)
  2 orc warriors (D:10)
  7 centaurs
  3 killer bees (D:10)
  A howler monkey (D:10)
  2 electric eels (D:9)
  2 gnolls (D:9)
  3 orcs
  A kobold (D:8)
  9 foxfires (D:1)
48 creatures vanquished.

Vanquished Creatures (others)
  An ugly thing zombie (D:13)
  3 spectral slime creatures (D:12)
  A boulder beetle zombie (D:13)
  A two-headed ogre zombie (D:12)
  A spectral yak (D:10)
  A spectral golden eye (D:13)
  A vampire mosquito zombie (D:12)
  A water moccasin zombie (D:7)
  2 hell hound zombies (D:12)
  A troll zombie (D:13)
  2 killer bee zombies (D:10)
  A hound zombie (D:9)
  2 spectral electric eels (D:9)
  A steam dragon zombie (D:7)
  A spectral gnoll (D:7)
  3 kobold zombies
  6 orc zombies
  791 foxfires
  4 fungi (D:11)
  12 plants (D:1)
  A snaplasher vine (D:12)
  2 withered plants (D:5)
839 creatures vanquished.

Grand Total: 1275 creatures vanquished

Notes
Turn   | Place    | Note
-------+----------+-------------------------------------------
     0 | D:1      | unlimited1921 the Djinni Fire Elementalist began the quest
                  | for the Orb.
     0 | D:1      | Reached XP level 1. HP: 15/15 MP: 0/0
    20 | D:1      | Reached XP level 2. HP: 9/21 MP: 0/0
  1045 | D:1      | Reached skill level 3 in Spellcasting
  1049 | D:1      | Found a faded altar of an unknown god.
  1055 | D:1      | Reached XP level 3. HP: 15/25 MP: 0/0
  1055 | D:1      | Learned a level 1 spell: Freeze
  4904 | D:2      | Reached XP level 4. HP: 31/31 MP: 0/0
  7245 | D:3      | Reached skill level 1 in Fighting
  8160 | D:3      | Reached XP level 5. HP: 35/37 MP: 0/0
  8160 | D:3      | Learned a level 2 spell: Blink
  8443 | D:3      | Found a blossoming altar of Fedhas.
  8449 | D:3      | Found a burning altar of Makhleb.
  9190 | D:4      | Noticed Edmund
  9194 | D:4      | Killed Edmund
  9195 | D:4      | Reached skill level 1 in Axes
  9195 | D:4      | Reached skill level 1 in Armour
  9195 | D:4      | Reached XP level 6. HP: 21/43 MP: 0/0
  9703 | D:4      | Noticed Menkaure
  9711 | D:4      | Killed Menkaure
  9712 | D:4      | Reached skill level 4 in Spellcasting
  9725 | D:4      | Reached XP level 7. HP: 28/49 MP: 0/0
  9725 | D:4      | Learned a level 3 spell: Ignite Poison
  9978 | D:4      | Reached skill level 1 in Shields
 10566 | D:4      | Noticed Eustachio
 10584 | D:4      | Killed Eustachio
 11543 | D:4      | Identified a scroll of acquirement
 11562 | D:5      | Entered Level 5 of the Dungeon
 11572 | D:5      | Reached XP level 8. HP: 49/55 MP: 0/0
 11577 | D:5      | Reached skill level 5 in Spellcasting
 11702 | D:5      | Noticed Sigmund
 11711 | D:5      | Killed Sigmund
 11910 | D:5      | Noticed a yak
 11912 | D:5      | Noticed a yak
 11912 | D:5      | Noticed a yak
 11914 | D:5      | Noticed a yak
 11916 | D:5      | Noticed a yak
 11916 | D:5      | Killed a yak
 11916 | D:5      | Killed a yak
 11917 | D:5      | Reached skill level 1 in Maces & Flails
 11922 | D:5      | Noticed a yak
 11923 | D:5      | Killed a yak
 11924 | D:5      | Reached skill level 6 in Spellcasting
 11928 | D:5      | Killed a yak
 11929 | D:5      | Reached XP level 9. HP: 39/63 MP: 0/0
 11929 | D:5      | Learned a level 3 spell: Spider Form
 12202 | D:5      | Found a transporter.
 12204 | D:5      | Noticed Selrock's ghost (amateur TrBe)
 12206 | D:5      | Found a transporter.
 12815 | D:5      | Reached skill level 7 in Spellcasting
 13641 | D:6      | Found a staircase to the Ecumenical Temple.
 13666 | Temple   | Entered the Ecumenical Temple
 13721 | Temple   | Became a worshipper of Yredelemnul the Dark
 14107 | D:6      | Reached skill level 5 in Fighting
 14495 | D:6      | Reached * piety under Yredelemnul
 14607 | D:6      | Found Foetuul's Antique Weapon Shoppe.
 14814 | D:6      | Reached XP level 10. HP: 36/70 MP: 0/0
 15555 | D:7      | Reached skill level 8 in Spellcasting
 17450 | D:8      | Noticed an unseen horror
 17455 | D:8      | Killed an unseen horror
 17961 | D:8      | Reached ** piety under Yredelemnul
 18364 | D:8      | Found Usaoclue's Gadget Gallery.
 18376 | D:8      | Reached skill level 9 in Spellcasting
 18379 | D:8      | Killed a spectral unseen horror
 18657 | D:8      | Bought a wand of iceblast (3) for 91 gold pieces
 18886 | D:8      | Gained mutation: You are strong-willed. (Will+) [potion of
                  | mutation]
 18886 | D:8      | Gained mutation: You are agile. (Dex +2) [potion of
                  | mutation]
 19793 | D:9      | Reached XP level 11. HP: 46/78 MP: 0/0
 19793 | D:9      | Learned a level 5 spell: Blade Hands
 20466 | D:9      | Found a staircase to the Lair.
 20522 | D:9      | Reached skill level 10 in Spellcasting
 22203 | D:10     | Entered Level 10 of the Dungeon
 22219 | D:10     | Found Cefet's General Store.
 22879 | D:10     | Noticed Nergalle
 23185 | D:10     | Killed Nergalle
 23685 | D:10     | Reached skill level 5 in Armour
 24232 | D:10     | Reached *** piety under Yredelemnul
 24876 | D:10     | Reached skill level 11 in Spellcasting
 27153 | D:11     | Noticed a cyclops
 27171 | D:11     | Killed a cyclops
 27172 | D:11     | Reached XP level 12. HP: 49/86 MP: 0/0
 27780 | D:11     | Noticed a two-headed ogre
 27788 | D:11     | Killed a two-headed ogre
 30093 | D:11     | Reached skill level 1 in Unarmed Combat
 30645 | D:12     | Noticed a seven-headed hydra
 30934 | D:12     | Noticed a two-headed ogre
 30945 | D:12     | Killed a two-headed ogre
 30946 | D:12     | Reached skill level 12 in Spellcasting
 31255 | D:12     | Noticed a boulder beetle
 31614 | D:11     | Killed a boulder beetle
 32596 | D:11     | Killed a seven-headed hydra
 33106 | D:12     | Reached XP level 13. HP: 69/94 MP: 0/0
 33106 | D:12     | Learned a level 5 spell: Summon Forest
 33519 | D:12     | Reached **** piety under Yredelemnul
 33519 | D:12     | Reached skill level 1 in Throwing
 33520 | D:12     | Noticed Azrael
 34013 | D:11     | Reached skill level 1 in Invocations
 34517 | D:12     | Found a staircase to the Orcish Mines.
 35053 | D:13     | Noticed a boulder beetle
 35068 | D:13     | Killed a boulder beetle
 35542 | D:13     | Reached skill level 1 in Slings
 36602 | D:13     | Noticed a boulder beetle
 36613 | D:13     | Noticed a centaur warrior
 36621 | D:13     | Killed a centaur warrior
 36921 | D:13     | Mangled by a boulder beetle

Illustrated notes

Levels and vault maps discovered:
D:1:      amcnicky_arrival_underground_garden, layout_rooms, serial_forest,
          infiniplex_forest_end_2, infiniplex_forest_clump_medium,
          infiniplex_forest_clump_double, infiniplex_forest_split,
          basic_ecumenical_altar, minmay_statues_item, hangedman_glass_garden,
          minivault_27, minivault_11, chequers_garden, minmay_misc_feat_pillars
D:2:      layout_basic, minmay_heptomino_d4
D:3:      layout_basic, mainiacjoe_overflow_large_starburst
D:4:      kennysheep_slugbush, layout_rooms, uniq_menkaure, uniq_eustachio,
          uniq_edmund
D:5:      layout_basic, gammafunk_ghost_mausoleum, serial_undead,
          serial_undead_f, serial_undead_e, serial_undead_e, serial_undead_f,
          goddamned_bats, uniq_sigmund
D:6:      layout_loops_ring, minmay_temple_entry_trees, serial_shops,
          nicolae_lakefront_shop
D:7:      layout_basic, hangedman_decor_peaks_small, serial_park_tiny_2
D:8:      layout_basic, nicolae_shop_gadgets
D:9:      layout_stronghold, erik_lair_island
D:10:     layout_roguey, serial_shops, nicolae_shop_behind_doors,
          grunt_ministairs_1, uniq_nergalle
D:11:     layout_loops_corners, water_boxes_lemuel
D:12:     layout_small_grid, orc_0_dummy, serial_shops, shop, uniq_azrael
D:13:     layout_grid_maze, nzn_wu_jian_council_hall, uniq_snorg, uniq_frances
Temple:   mainiacjoe_temple_big_plus

Skill      XL: |  1  2  3  4  5  6  7  8  9 10 11 12 13 |
---------------+----------------------------------------+-----
Spellcasting   | 3 4 6 7 9 11 12 | 12.8
Stealth        | 2 3 4 |  4.4
Fighting       | 1 2 4 5 6 7 8 9 |  9.4
Axes           | 1 |  1.1
Armour         | 1 3 4 5 |  5.8
Shields        | 1 2 3 |  3.6
Maces & Flails | 1 2 |  2.3
Dodging        | 3 4 |  4.3
Unarmed Combat | 1 |  1.0
Throwing       | 1 |  1.1
Invocations    | 1 |  1.5
Slings         | 1 |  1.7
Evocations     | |  0.6

Action                   |  1- 3 |  4- 6 |  7- 9 | 10-12 | 13-15 || total
-------------------------+-------+-------+-------+-------+-------++-------
Melee: War axe           |   991 |    14 |       |       |       ||  1005
       Punch             |    23 |       |       |       |       ||    23
       Flail             |       |       |    19 |    18 |    11 ||    48
       Unarmed           |       |       |     3 |     8 |       ||    11
 Fire: Hunting sling     |       |       |       |       |    18 ||    18
Throw: Dart              |       |     3 |       |     8 |     6 ||    17
       Throwing net      |       |       |       |       |     1 ||     1
 Cast: Foxfire           |    82 |    38 |    74 |   293 |    12 ||   499
       Scorch            |     2 |    23 |    38 |   143 |     6 ||   212
       Inner Flame       |       |     3 |    47 |    86 |     1 ||   137
       Conjure Flame     |       |       |     3 |       |       ||     3
       Freeze            |       |       |     5 |       |       ||     5
       Spider Form       |       |       |     2 |       |       ||     2
       Blade Hands       |       |       |       |     1 |       ||     1
       Ignite Poison     |       |       |       |     1 |       ||     1
       Summon Forest     |       |       |       |       |     3 ||     3
Evoke: Wand              |       |       |       |     2 |     4 ||     6
  Use: Scroll            |       |       |     5 |    15 |     1 ||    21
       Potion            |       |       |       |     5 |       ||     5
 Stab: Sleeping          |     1 |     1 |       |       |     1 ||     3
Armor: Robe              |     5 |     1 |       |       |     1 ||     7
       Leather armour    |       |     3 |    14 |    20 |     9 ||    46
       Skin              |       |       |     2 |       |       ||     2
Dodge: Dodged            |    18 |     8 |    38 |    54 |    16 ||   134
Block: Other             |       |     4 |    17 |     5 |       ||    26
       Reflection        |       |       |     1 |     8 |     1 ||    10
       Buckler           |       |       |       |    37 |    11 ||    48
